 Dungeon Crawl Stone Soup version 0.20.1-1-g8b1a95d (webtiles) character file.

1962 equalderp2856 the Cleaver (level 9, -2/112 HPs)
             Began as a Minotaur Fighter on Oct 23, 2017.
             Slain by an orc warrior
             ... wielding a +0 glaive
              (4 damage)
             ... on level 7 of the Dungeon.
             The game lasted 00:08:04 (5633 turns).

equalderp2856 the Cleaver (Minotaur Fighter)        Turns: 5633, Time: 00:08:06

Health: -2/112     AC: 24    Str: 21    XL:     9   Next: 0%
Magic:  8/8        EV:  2    Int:  6    God:
Gold:   298        SH: 11    Dex: 17    Spells: 8/8 levels left

rFire    . . .     SeeInvis .   a - +0 war axe
rCold    . . .     Gourm    +   c - +0 shield
rNeg     + + +     Faith    .   (armour currently unavailable)
rPois    +         Spirit   .   (helmet currently unavailable)
rElec    .         Reflect  .   (cloak currently unavailable)
rCorr    .         Harm     .   (gloves currently unavailable)
MR       .....     NoTele   +   (boots currently unavailable)
Stlth    +++.......             i - amulet of the gourmand
Regen    0.3/turn               k - ring of flight
MPRegen  0.2/turn               (no ring)

@: agile, tree-form (expiring)
A: (retaliatory headbutt)
a: no special abilities


You were on level 7 of the Dungeon.
You were hungry.
You were a tree.
You visited 1 branch of the dungeon, and saw 7 of its levels.

You collected 438 gold pieces.
You spent 140 gold pieces at shops.

Inventory:

Hand Weapons
 a - a +0 war axe (weapon)
Armour
 b - a +0 scale mail
 c - a +0 shield (worn)
 u - a +0 plate armour (melded)
Jewellery
 i - an amulet of the gourmand (around neck)
 k - a ring of flight (left branch)
 m - an uncursed amulet of rage
 G - a cursed ring of flight
Wands
 l - a wand of iceblast (0/15)
Scrolls
 e - 3 scrolls of enchant weapon {unknown}
 g - 2 scrolls of amnesia {unknown}
 h - a scroll of noise {unknown}
 j - 2 scrolls of magic mapping {unknown}
 o - 5 scrolls of teleportation
 p - a scroll of fear {unknown}
 r - 4 scrolls of remove curse
 s - 4 scrolls of identify
 v - 2 scrolls of fog
 y - a scroll of recharging {unknown}
 B - 2 scrolls of random uselessness {unknown}
 C - a scroll of enchant armour {unknown}
 F - a scroll of blinking {unknown}
 K - a scroll of summoning {unknown}
Potions
 d - 2 potions of might
 t - 2 potions of lignification
 x - 2 potions of flight
 z - a potion of cancellation {unknown}
 A - a potion of brilliance {unknown}
 H - 2 potions of invisibility {unknown}
 I - a potion of ambrosia
Books
 E - a book of Geomancy

   Spells                             Type                      Level
   a - Sandblast                      Earth                        1
   b - Passwall                       Transmutation/Earth          2
   c - Stone Arrow                    Conjuration/Earth            3
   d - Petrify                        Transmutation/Earth          4
   e - Lee's Rapid Deconstruction     Earth                        5
 J - a book of Maledictions

   Spells                             Type                      Level
   a - Corona                         Hexes                        1
   b - Ensorcelled Hibernation        Hexes/Ice                    2
   c - Confuse                        Hexes                        3
   d - Tukima's Dance                 Hexes                        3
   e - Dazzling Spray                 Conjuration/Hexes            3
Comestibles
 f - 5 bread rations
 n - 2 meat rations
 w - a royal jelly


   Skills:
 + Level 6.1 Fighting
 + Level 9.2 Axes
 + Level 7.7 Armour
 + Level 2.0 Dodging
 + Level 0.5 Stealth
 + Level 7.2 Shields


You had 8 spell levels left.
You didn't know any spells.

Dungeon Overview and Level Annotations

Branches:
Dungeon (7/15)             Temple (0/1) D:7

Altars:
Ashenzari
Gozag
Nemelex Xobeh
Okawaru
Qazlal
Trog
Xom
Yredelemnul

Shops:
D:5 ?


Innate Abilities, Weirdness & Mutations

((You reflexively headbutt those who attack you in melee.))
((You have a pair of horns on your head.))


Message History

You cannot move.
The orc warrior hits you from afar with a glaive!
* * * LOW HITPOINT WARNING * * *
You cannot move.
It was a potion of agility.
You feel agile all of a sudden.
The orc warrior hits you from afar with a glaive.
* * * LOW HITPOINT WARNING * * *
It was a potion of ambrosia.
You are confused.
You feel invigorated.
The orc warrior hits you but does no damage.
Unknown command.
You feel less invigorated.
You feel less confused.
The orc warrior hits you from afar with a glaive!
* * * LOW HITPOINT WARNING * * *
Unknown command.
The orc warrior hits you from afar with a glaive.
You die...

####gZ# #.o...#
#######o###......
#....<#o# ..#...
#(#####c# .......
#.# #(# .#.....
#.# #c# .....).
#(# ###(# ##.>..
#♣# #.c.# #)#
#.### #o# #(#
#g###.# #...c.#
#######


You could see an orc warrior and a gnoll.

Vanquished Creatures
  A hungry ghost (D:7)
  A sky beast (D:7)
  An ice beast (D:6)
  An ogre (D:6)
  3 centaurs
  2 phantoms (D:4)
  4 bullfrogs (D:6)
  3 scorpions
  A bullfrog zombie (D:7)
  2 jellies
  3 hounds
  2 orc priests (D:5)
  2 orc wizards (D:5)
  4 iguanas
  Jessica (D:3)
  3 worker ants
  A hound zombie (D:6)
  7 gnolls
  4 adders
  3 shadow imps
  2 adder zombies (D:6)
  4 worms
  A dart slug (D:2)
  2 leopard geckos
  13 orcs
  4 ball pythons
  4 bats
  3 giant cockroaches
  5 goblins
  8 hobgoblins
  9 jackals
  3 frilled lizards
  A jackal skeleton (D:4)
  4 kobolds
  A leopard gecko zombie (D:5)
  A quokka skeleton (D:5)
  5 rats
119 creatures vanquished.

Notes
Turn   | Place    | Note
-------+----------+-------------------------------------------
     0 | D:1      | equalderp2856 the Minotaur Fighter began the quest for the Orb.
     0 | D:1      | Reached XP level 1. HP: 19/19 MP: 0/0
   251 | D:1      | Reached XP level 2. HP: 27/27 MP: 1/1
   816 | D:2      | Reached XP level 3. HP: 33/33 MP: 2/2
   856 | D:2      | You fall through a shaft!
   958 | D:3      | Found an opulent altar of Gozag.
   960 | D:3      | Found an iron altar of Okawaru.
   979 | D:3      | Reached skill level 3 in Axes
  1102 | D:3      | Found a sparkling altar of Nemelex Xobeh.
  1399 | D:3      | Noticed Jessica
  1403 | D:3      | Killed Jessica
  1403 | D:3      | Reached XP level 4. HP: 40/40 MP: 3/3
  2160 | D:4      | Noticed a phantom
  2395 | D:4      | Killed a phantom
  2395 | D:4      | Reached skill level 4 in Axes
  2395 | D:4      | Reached skill level 1 in Dodging
  2395 | D:4      | Reached skill level 5 in Shields
  2395 | D:4      | Reached XP level 5. HP: 22/47 MP: 4/4
  2804 | D:4      | Found a shattered altar of Ashenzari.
  2830 | D:4      | Reached skill level 5 in Armour
  3001 | D:4      | Found a bloodstained altar of Trog.
  3004 | D:4      | Reached XP level 6. HP: 53/53 MP: 5/5
  3232 | D:4      | Reached skill level 5 in Axes
  3324 | D:5      | Entered Level 5 of the Dungeon
  3324 | D:5      | Found a basalt altar of Yredelemnul.
  3434 | D:5      | Reached XP level 7. HP: 12/60 MP: 6/6
  3917 | D:5      | Reached skill level 5 in Fighting
  3936 | D:5      | Reached skill level 6 in Axes
  3945 | D:5      | Found Zief's Magic Scroll Shoppe.
  3952 | D:5      | Bought a scroll of teleportation for 42 gold pieces
  3952 | D:5      | Bought a scroll of identify for 28 gold pieces
  3952 | D:5      | Bought a scroll of fog for 28 gold pieces
  3952 | D:5      | Bought a scroll of remove curse for 42 gold pieces
  3959 | D:5      | Found a shimmering altar of Xom.
  4481 | D:6      | Reached skill level 7 in Axes
  4481 | D:6      | Reached XP level 8. HP: 62/69 MP: 7/7
  5090 | D:7      | Reached skill level 8 in Axes
  5191 | D:7      | Found a staircase to the Ecumenical Temple.
  5537 | D:7      | Found a stormy altar of Qazlal.
  5580 | D:7      | Reached skill level 9 in Axes
  5618 | D:7      | Reached XP level 9. HP: 20/75 MP: 8/8
  5628 | D:7      | HP: 2/112 [orc warrior/glaive (9)]
  5633 | D:7      | Slain by an orc warrior

Skill      XL: |  1  2  3  4  5  6  7  8 |
---------------+-------------------------+-----
Shields        | 4 5 6 7 |  7.2
Armour         | 4 5 6 7 |  7.7
Fighting       | 4 5 6 |  6.1
Axes           | 3 4 5 7 9 |  9.2
Dodging        | 1 2 |  2.0
Stealth        | |  0.5

Action                   |  1- 3 |  4- 6 |  7- 9 || total
-------------------------+-------+-------+-------++-------
Melee: War axe           |    85 |   129 |   170 ||   384
       Headbutt          |     9 |    22 |    32 ||    63
Evoke: Wand              |       |       |     2 ||     2
  Use: Potion            |       |       |     6 ||     6
       Scroll            |       |       |     1 ||     1
  Eat: Chunk             |     2 |    10 |       ||    12
       Meat ration       |       |       |     1 ||     1
       Fruit             |       |       |     1 ||     1
Armor: Scale mail        |    38 |    35 |       ||    73
       Plate armour      |       |    17 |   104 ||   121
       Skin              |       |       |     5 ||     5
Dodge: Dodged            |    33 |    40 |    37 ||   110
Block: Shield            |    51 |    78 |   102 ||   231
